 Dungeon Crawl Stone Soup version 0.29-a0-1052-g6990b1bffc (webtiles) character file.

Game seed: 8922939185099781615

8 Nedwor the Trooper (level 2, 19/24 HPs)
             Began as a Demonspawn Fighter on Aug 17, 2022.
             Quit the game on level 1 of the Dungeon.
             The game lasted 00:00:40 (186 turns).

Nedwor the Trooper (Demonspawn Fighter)              Turns: 186, Time: 00:00:41

Health: 19/24      AC:  6    Str: 16    XL:     2   Next: 0%
Magic:  2/2        EV:  9    Int: 17    God:
Gold:   17         SH:  4    Dex: 12    Spells: 1/1 levels left

rFire   . . .      SeeInvis .   a - +0 flail
rCold   . . .      Faith    .   c - +0 buckler
rNeg    . . .      Spirit   .   b - +0 scale mail
rPois   .          Reflect  .   (no helmet)
rElec   .          Harm     .   (no cloak)
rCorr   .          Rampage  .   (no gloves)
Will    .....                   (no boots)
Stlth   ..........              (no amulet)
HPRegen 0.08/turn               e - +6 ring of intelligence
MPRegen 0.08/turn               (no ring)

@: no status effects
A: big brain 1
a: no special abilities


You were on level 1 of the Dungeon.
You visited 1 branch of the dungeon, and saw 1 of its levels.

You collected 17 gold pieces.

Inventory:

Hand Weapons
 a - a +0 flail (weapon)
Armour
 b - a +0 scale mail (worn)
 c - a +0 buckler (worn)
Jewellery
 e - a +6 ring of intelligence (left hand)
Potions
 d - a potion of might
 f - a potion of curing {unknown}


   Skills:
 + Level 3.1 Fighting
 * Level 2.0 Maces & Flails
 + Level 2.7 Armour
 + Level 0.3 Dodging
 + Level 2.7 Shields


You had one spell level left.
You didn't know any spells.
Your spell library was empty.

Dungeon Overview and Level Annotations

Branches:
Dungeon (1/15)

Altars:


Innate Abilities, Weirdness & Mutations

You have an unusually large brain. (Int +2)


Message History

Things that are here:
a +0 club; a goblin corpse You now have 17 gold pieces (gained 8). 3 jackals come into view.
The jackal barks! x3; You hear a bark! x2
There are monsters nearby!
You closely miss the jackal. The jackal barely misses you.
A jackal comes into view.
The jackal closely misses you.
You thump the jackal!
You kill the jackal!
The jackal barely misses you.
A jackal comes into view.
You completely miss the jackal.
The jackal bites you but does no damage.
You block the jackal's attack.
You barely miss the jackal. The jackal closely misses you.
The jackal barely misses you.
You hit the jackal.
The jackal is lightly wounded.
The jackal bites you but does no damage. x2
You thump the jackal!
You kill the jackal!
You sock the jackal!
You kill the jackal!
The jackal bites you.
A jackal comes into view.
Your Maces & Flails skill increases to level 2!
You closely miss the jackal.
The jackal barks!
You hear a bark!
The jackal bites you.
The jackal bites you but does no damage.
You sock the jackal!
You kill the jackal!
A jackal comes into view.
The jackal closely misses you.
You have reached level 2!
Your demonic ancestry asserts itself...
Your brain expands.
Are you sure you want to abandon this character and quit the game? (Confirm with "yes".)

.......# .......+
.......# #
.......#..
#...####.#
.>######.#
.........#
.........# #.#####
.........# #hhh@.#
####.....########.#
...)........# #.#
...####.###.#####.##
................#..#
............###.##.#
............#
#.##.##
######......#
#.....# #......#
#######


You could see 3 jackals.

Vanquished Creatures
  A goblin (D:1)
  4 jackals (D:1)
  A ball python (D:1)
  A rat (D:1)
7 creatures vanquished.

Notes
Turn   | Place    | Note
-------+----------+-------------------------------------------
     0 | D:1      | Nedwor the Demonspawn Fighter began the quest for the Orb.
     0 | D:1      | Reached XP level 1. HP: 18/18 MP: 1/1
   186 | D:1      | Gained mutation: You have an unusually large brain. (Int
                  | +2) [demonic ancestry]
   186 | D:1      | Reached XP level 2. HP: 19/24 MP: 2/2
   186 | D:1      | Quit the game

Illustrated notes

Levels and vault maps discovered:
D:1:      dreamdust_arrival_beginning_and_end, layout_basic,
          hellmonk_ecumenical_altar_pennies_from_heaven, minmay_tetromino_i2

Skill      XL: |  1 |
---------------+----+-----
Maces & Flails | 2 |  2.0
Fighting       | |  3.1
Armour         | |  2.7
Dodging        | |  0.3
Shields        | |  2.7

Action                   || total
-------------------------++-------
Melee: Flail             ||    22
Armor: Scale mail        ||    14
Dodge: Dodged            ||    10
Block: Buckler           ||     3

Table legend: (Time is in decaauts)
 A = Elapsed time spent in this place.
 B = Non-inter-level travel time spent in this place.
 C = Inter-level travel time spent in this place.
 D = Time resting spent in this place.
 E = Time spent auto-exploring this place.
 F = Levels seen in this place.
 G = Mean time per level.
                   A        B        C        D        E       F      G
               +--------+--------+--------+--------+--------+-----+--------+
         Total |    193 |    193 |      0 |      0 |    154 |   1 |  193.0 |
       Dungeon |    193 |    193 |      0 |      0 |    154 |   1 |  193.0 |
               +--------+--------+--------+--------+--------+-----+--------+

Top non-repeatable levels by time:
     D:1: 193 daAuts
